AoeStats
← miguelon01

Oasis

507169385Analyzed
4v4 RM · 16d ago on Sep 17, 2026· 44m 41s· 8 players
Game mode
Random Map
Map size
Large (8 player)
Population
200
Speed
Normal
Resources
Standard
Victory
Conquest
Starting age
Dark Age
Ending age
Imperial Age
RankedLock teamsTeams togetherTeam positionsShared explorationLock speedFull tech treeHidden civsTurbo modeCheats
Victory
Defeat
🇨🇴 Slavs · Colombia
1075
+17
🇲🇽 Saracens · Mexico
1070
+17
🇺🇸 Maya · United States
1043
+18
🇺🇸 Japanese · United States
1007
+20
🇦🇷 Britons · Argentina
1173
-22
🇧🇷 Turks · Brazil
1172
-21
🇦🇷 Spanish · Argentina
1020
-15
🇨🇱 Goths · Chile
1004
-14
JR | Original Poringo
11:15 Feudal Age
13:04 Fletching
14:09 Loom
19:03 Padded Archer Armor
22:18 Double-Bit Axe
26:02 Castle Age
26:38 Crossbowman
28:54 Bow Saw
29:57 Horse Collar
41:41 Imperial Age
40:04 Heavy Plow
40:14 Man-at-Arms
40:40 Gambesons
40:58 Squires
41:07 Scale Mail Armor
41:17 Forging
41:05 Long Swordsman
42:27 Two-Handed Swordsman
44:07 Iron Casting
43:48 Chain Mail Armor
Walter White
3:19 Loom
10:40 Feudal Age
11:45 Double-Bit Axe
15:02 Horse Collar
16:00 Fletching
24:54 Castle Age
24:16 Scale Mail Armor
24:12 Stone Mining
25:49 Wheelbarrow
24:56 Pikeman
25:37 Town Watch
26:19 Bow Saw
26:48 Bodkin Arrow
29:03 Squires
32:01 Chain Mail Armor
31:57 Forging
31:52 Heavy Plow
31:57 Arson
32:41 Yasama
34:45 Iron Casting
34:05 Guard Tower
35:47 Masonry
36:29 Yasama
39:04 Imperial Age
36:56 Hand Cart
38:55 Murder Holes
39:21 Ballistics
38:42 Treadmill Crane
40:21 Gold Mining
41:16 Keep
40:32 Arrowslits
41:48 Chemistry
42:12 Siege Engineers
43:25 Plate Mail Armor
43:55 Blast Furnace
42:57 Bracer
Lo Elo Dummy
0:25 Loom
9:34 Feudal Age
10:14 Double-Bit Axe
14:05 Fletching
15:32 Padded Archer Armor
21:26 Castle Age
20:13 Horse Collar
22:18 Thumb Ring
21:36 Crossbowman
22:19 Bodkin Arrow
24:12 Gold Mining
24:34 Bow Saw
27:23 Wheelbarrow
27:35 Town Watch
28:45 Heavy Plow
28:42 Stone Mining
37:15 Imperial Age
36:01 Stone Shaft Mining
38:15 Onager
andres.sojo2809
4:12 Loom
11:03 Feudal Age
11:50 Horse Collar
11:57 Double-Bit Axe
13:11 Wheelbarrow
19:15 Castle Age
17:43 Gold Mining
17:46 Stone Mining
20:08 Bow Saw
20:00 Heavy Plow
20:41 Gold Shaft Mining
20:57 Hand Cart
25:13 Scale Barding Armor
25:19 Forging
26:22 Chain Barding Armor
27:40 Iron Casting
31:39 Fletching
32:48 Town Watch
35:59 Imperial Age
34:03 Town Patrol
35:44 Detinets
36:13 Elite Boyar
37:15 Conscription
37:07 Bloodlines
36:58 Husbandry
39:08 Plate Barding Armor
39:40 Blast Furnace
39:21 Crop Rotation
39:53 Two-Man Saw
RafaelLoz
0:31 Loom
12:23 Feudal Age
15:00 Wheelbarrow
18:08 Castle Age
18:25 Scale Mail Armor
18:23 Double-Bit Axe
20:37 Squires
35:22 Imperial Age
34:37 Horse Collar
35:26 Forging
39:05 Elite Huskarl
39:29 Pikeman
Downk
2:41 Loom
11:12 Feudal Age
12:30 Wheelbarrow
11:44 Double-Bit Axe
12:51 Gold Mining
12:45 Horse Collar
19:32 Bloodlines
21:46 Castle Age
Jimmy Jay
9:30 Loom
12:17 Feudal Age
13:16 Double-Bit Axe
17:11 Fletching
18:35 Padded Archer Armor
miguelon01
11:37 Feudal Age
13:01 Wheelbarrow
12:51 Loom
19:28 Castle Age
18:40 Gold Mining
Connection lost

Rejoining the realm…

Still unreachable

The connection could not be restored.

Session expired

The server has moved on; the page needs a fresh start.